 Dungeon Crawl Stone Soup version 0.26-a0-1147-g3780a7a11b (webtiles) character file.

Game seed: 15340198998568338266

91 melloss the Conjurer (level 4, 0/24 HPs)
             Began as a Deep Elf Fire Elementalist on Dec 22, 2020.
             Killed by nerve-wracking pain
             ... invoked by Grinder
              (3 damage)
             ... while paralysed by Grinder
             ... on level 3 of the Dungeon.
             The game lasted 00:05:59 (2510 turns).

melloss the Conjurer (Deep Elf Fire Elementalist)   Turns: 2510, Time: 00:05:59

Health: 0/24       AC:  3    Str:  5    XL:     4   Next: 34%
Magic:  10/11      EV:  2    Int: 21    God:
Gold:   182        SH:  0    Dex: 21    Spells: 9/10 levels left

rFire    . . .     SeeInvis .   n - +1 mace (drain)
rCold    . . .     Faith    +   (no shield)
rNeg     . . .     Spirit   .   a - +0 robe
rPois    .         Reflect  .   (no helmet)
rElec    .         Harm     .   (no cloak)
rCorr    .         Rampage  .   c - +0 pair of gloves
Will     .....                  (no boots)
Stlth    ++........             i - amulet of faith
HPRegen  0.08/turn              r - +6 ring of dexterity
MPRegen  0.12/turn              (no ring)

@: paralysed
A: no striking features
a: no special abilities


You were on level 3 of the Dungeon.
You visited 1 branch of the dungeon, and saw 3 of its levels.

You collected 182 gold pieces.

Inventory:

Hand Weapons
 g - a +0 dagger
 m - a +0 short sword
 n - a +1 mace of draining (weapon)
Armour
 a - a +0 robe (worn)
 c - a +0 pair of gloves (worn)
Jewellery
 i - an amulet of faith (around neck)
 r - a +6 ring of dexterity (left hand)
Scrolls
 d - 3 scrolls of fog {unknown}
 f - a scroll of remove curse {unknown}
 h - a scroll of teleportation {unknown}
 j - 5 scrolls of identify {unknown}
 o - a scroll of amnesia {unknown}
 p - a scroll of random uselessness {unknown}
 q - 2 scrolls of blinking {unknown}
Potions
 b - 2 potions of invisibility {unknown}
 e - a potion of lignification {unknown}
 k - 2 potions of attraction {unknown}
 l - a potion of heal wounds {unknown}
 s - a potion of cancellation {unknown}
 t - a potion of resistance {unknown}
 u - a potion of mutation {unknown}
 v - 2 potions of brilliance {unknown}
 w - a potion of haste {unknown}


   Skills:
 - Level 2.4 Dodging
 - Level 2.4 Stealth
 * Level 3.7 Spellcasting
 + Level 4.3 Conjurations
 - Level 3.2 Fire Magic


You had 9 spell levels left.
You knew the following spells:

 Your Spells              Type           Power        Failure   Level
a - Foxfire               Conj/Fire      76%          2%          1

Your spell library contained the following spells:

 Spells                   Type           Power        Failure   Level
 Conjure Flame            Conj/Fire      19%          8%          3
 Inner Flame              Hex/Fire       10%          19%         3
 Sticky Flame             Conj/Fire      19%          26%         4
 Fireball                 Conj/Fire      9%           58%         5


Dungeon Overview and Level Annotations

Branches:
Dungeon (3/15)

Altars:

Annotations:
D:3 Grinder, Jessica


Message History

Jessica casts a spell.
Jessica blinks!
You open the door.
Grinder blinks!
Jessica casts a spell at you. Pain shoots through your body!
* * * LOW HITPOINT WARNING * * *
There is an open door here.
You open the gate.
Jessica casts a spell.
Jessica blinks!
There is an open gate here.
You close the gate.
Found a bubbling purple potion.
Grinder gestures at you.
You suddenly lose the ability to move!
Grinder gestures at you.
You shrug off the repeated paralysis!
Grinder gestures at you. Pain shoots through your body!
You die...

#.##...# #≈.§# #.##...#
#§.≈# #.##...# #≈.≈#
......##### #≈5≈#
#.#.......# #≈§≈#
#.#.......# #§§≈#
#'#....#########≈.≈######
.......#≈§≈§§§≈§≈.≈≈§≈§§≈
.......#≈§......@§§.....§
.......#≈≈≈≈§≈≈§≈§§≈≈≈≈≈≈
.......#########≈§≈######
..........#.####≈.≈#
#+#.......#...##≈.≈#
###.......##(..#≈§≈#
[..........'...#§.≈#
####...#####...#≈.≈#
...'...'.......#


You could see Grinder.

Vanquished Creatures
  5 adders
  A dart slug (D:1)
  2 leopard geckos
  3 giant cockroaches
  5 goblins
  5 hobgoblins
  2 jackals (D:1)
  A kobold (D:1)
  8 bats
  4 frilled lizards
  8 rats
44 creatures vanquished.

Vanquished Creatures (others)
  122 foxfires
122 creatures vanquished.

Grand Total: 166 creatures vanquished

Notes
Turn   | Place    | Note
-------+----------+-------------------------------------------
     0 | D:1      | melloss the Deep Elf Fire Elementalist began the quest for
                  | the Orb.
     0 | D:1      | Reached XP level 1. HP: 10/10 MP: 6/6
   260 | D:1      | Reached skill level 2 in Conjurations
   293 | D:1      | Reached XP level 2. HP: 11/15 MP: 4/8
   714 | D:1      | Reached skill level 3 in Conjurations
   935 | D:1      | Reached XP level 3. HP: 19/19 MP: 7/9
  1498 | D:2      | Reached skill level 4 in Conjurations
  1680 | D:2      | Reached XP level 4. HP: 22/24 MP: 6/10
  2461 | D:3      | Noticed Grinder
  2470 | D:3      | Noticed Jessica
  2480 | D:3      | HP: 1/24 [Jessica/nerve-wracking pain (2)]
  2506 | D:3      | Paralysed by Grinder for 7 turns
  2510 | D:3      | Killed from afar by Grinder

Illustrated notes

Levels and vault maps discovered:
D:1:      mrwooster_arrival_statue_2, layout_basic
D:2:      wander_river, layout_loops_ring
D:3:      layout_basic, hex_intersection, kennysheep_cross_bottleneck,
          uniq_jessica, uniq_grinder

Skill      XL: |  1  2  3 |
---------------+----------+-----
Conjurations   | 2 3 4 |  4.3
Dodging        | |  2.4
Stealth        | |  2.4
Spellcasting   | |  3.7
Fire Magic     | |  3.2

Action                   |  1- 3 |  4- 6 || total
-------------------------+-------+-------++-------
Melee: Mace              |     5 |     4 ||     9
 Cast: Foxfire           |    57 |    16 ||    73
 Stab: Sleeping          |     1 |       ||     1
Armor: Robe              |    10 |     2 ||    12
Dodge: Dodged            |    30 |    12 ||    42

Table legend: (Time is in decaauts)
 A = Elapsed time spent in this place.
 B = Non-inter-level travel time spent in this place.
 C = Inter-level travel time spent in this place.
 D = Time resting spent in this place.
 E = Time spent auto-exploring this place.
 F = Levels seen in this place.
 G = Mean time per level.
                   A        B        C        D        E       F      G
               +--------+--------+--------+--------+--------+-----+--------+
         Total |   2532 |   2492 |     40 |    155 |   1817 |   3 |  844.0 |
       Dungeon |   2532 |   2492 |     40 |    155 |   1817 |   3 |  844.0 |
               +--------+--------+--------+--------+--------+-----+--------+

Top non-repeatable levels by time:
     D:1: 1174 daAuts
     D:2: 679 daAuts
     D:3: 678 daAuts
